 Dungeon Crawl Stone Soup version 0.26-a0-651-gb41185065b (webtiles) character file.

Game seed: 15153448154006449468

4134 Arthanis the Cleaver (level 10, -8/64 HPs)
             Began as a Gargoyle Berserker on Oct 31, 2020.
             Was a High Priest of Trog.
             Mangled by a large abomination (23 damage)
             ... on level 1 of the Abyss.
             The game lasted 00:12:06 (7530 turns).

Arthanis the Cleaver (Gargoyle Berserker)           Turns: 7530, Time: 00:12:07

Health: -8/64      AC: 23    Str: 21    XL:     10   Next: 27%
Magic:  0/10       EV:  7    Int: 11    God:    Trog [*****.]
Gold:   436        SH:  0    Dex: 12    Spells: 9/9 levels left

rFire    + + .     SeeInvis .   d - +2 hand axe (venom)
rCold    x . .     Faith    .   (no shield)
rNeg     + + .     Spirit   +   D - +0 plate armour
rPois    ∞         Reflect  .   G - +0 helmet
rElec    +         Harm     .   I - scarf {shadows}
rCorr    .         Rampage  .   C - +0 pair of gloves {Dex+3}
MR       ++...                  i - +0 pair of boots
Stlth    ..........             K - amulet of guardian spirit
HPRegen  1.20/turn              R - ring of fire
MPRegen  0.12/turn              H - ring "Xesyeph" {+Fly rF+ rN+}

@: about to teleport, regenerating
A: negative energy resistance 1, electricity resistance, unbreathing,
petrification resistance, rot immunity, AC +7
a: Berserk, Trog's Hand, Brothers in Arms, Renounce Religion, Evoke Flight


You were on level 1 of the Abyss.
You worshipped Trog.
Trog was extremely pleased with you.
You visited 1 branch of the dungeon, and saw 8 of its levels.
You visited the Abyss 1 time.
You also visited: Sewer.

You collected 436 gold pieces.

Inventory:

Hand Weapons
 d - a +2 hand axe of venom (weapon)
 y - a +0 halberd
 P - a +4 battleaxe
 Q - a +0 mace of protection
Missiles
 O - a throwing net (quivered)
Armour
 i - a +0 pair of boots (worn)
 t - a +0 leather armour of cold resistance
 C - a +0 pair of gloves of dexterity (worn)
 D - a +0 plate armour (worn)
 G - a +0 helmet (worn)
 I - a scarf of shadows (worn)
Jewellery
 H - the ring "Xesyeph" (right hand) {+Fly rF+ rN+}
   (You found it on level 6 of the Dungeon)

   [ring of flight]

   It protects you from fire.
   It protects you from negative energy.
   It lets you fly.
 K - an amulet of guardian spirit (around neck)
 R - a ring of fire (left hand)
Wands
 k - a wand of polymorph (6)
 r - a wand of disintegration (15)
 s - a wand of random effects (23)
 B - a wand of flame (9)
Scrolls
 a - 2 scrolls of identify
 c - 4 scrolls of enchant weapon
 f - 2 scrolls of enchant armour
 g - 5 scrolls of teleportation
 n - 3 scrolls of remove curse
 u - 2 scrolls of acquirement
 w - a scroll of fear
 x - 2 scrolls of fog
 N - a scroll of magic mapping
Potions
 e - 2 potions of mutation
 l - 2 potions of degeneration
 m - a potion of heal wounds {unknown}
 o - a potion of lignification {unknown}
 q - 2 potions of brilliance
 v - a potion of stabbing {unknown}
 z - 2 potions of flight {unknown}
 A - 2 potions of curing {unknown}
 E - a potion of berserk rage {unknown}
 F - a potion of resistance {unknown}
 J - a potion of ambrosia {unknown}


   Skills:
 - Level 8.1 Fighting
 - Level 10.3 Axes
 - Level 6.0 Armour
 - Level 2.0 Dodging
 + Level 0.0 Stealth
 - Level 4.1 Evocations


You had 9 spell levels left.
You didn't know any spells.
Your spell library was empty.

Dungeon Overview and Level Annotations

Branches:
Dungeon (8/15)             Temple (0/1) D:7           Sewer (visited)
   Lair: D:8-11

Altars:
Ashenzari
Cheibriados
Gozag
Makhleb
Nemelex Xobeh
Okawaru
Ru
Sif Muna
Wu Jian
Xom
Zin
The Shining One

Annotations:
D:3 3 runed translucent doors, Finra's ghost, amateur GrFi; Quinzzz's ghost, amateur MfBe; loralnil's ghost, amateur MiFi
D:8 Psyche


Innate Abilities, Weirdness & Mutations

You are resistant to torment.
Your stone body is resilient. (AC +7)
You are immune to poison.
You resist negative energy. (rN+)
You are resistant to electric shocks. (rElec)
You can survive without breathing.
You are immune to petrification.
You are immune to rotting.


Message History

The green very ugly thing basks in the mutagenic energy from its kin and changes!
The large abomination hits you!
A smoke demon comes into view.
The smoke demon roars!
The large abomination hits you!!
The red very ugly thing basks in the mutagenic energy from its kin and changes!
The smoke demon gestures at you. Something smites you!
Your skin crawls.
You feel resistant to hostile enchantments.
The large abomination hits you!!
* * * LOW HITPOINT WARNING * * *
The smoke demon hits you but does no damage. x3
A quasit comes into view.
The quasit gives a chilling moan.
As you read the scroll of teleportation, it crumbles to dust.
You feel strangely unstable.
You feel the power of the Abyss delaying your translocation!
The large abomination hits you!!
You die...

...#..... ...
............_
.....#..u..#..?
#...###...###..
##.# ##.## #.
#...###...##
.....#.....#..
.....uX3.......
....#@....#...
...###...###..
.# ##.## #.
...# ..5.#
..... .#.


You could see a brown very ugly thing, a red ugly thing, a large abomination, a
smoke demon and a quasit.

Vanquished Creatures
  A troll (D:7)
  Prince Ribbit (D:5)
  2 hippogriffs (D:7)
  Eustachio (D:5)
  Duvessa (D:6)
  Purgy (D:3)
  3 orc warriors
  2 sky beasts
  A necrophage (D:6)
  2 ogres
  A phantom (D:7)
  2 centaurs
  A crocodile (D:8)
  A big kobold (Sewer)
  Blork the orc (D:5)
  A bullfrog (D:6)
  4 scorpions
  Dowan (D:6)
  4 wights (D:8)
  5 killer bees (D:7)
  A centaur zombie (D:8)
  A quasit (D:8)
  5 hounds
  7 orc priests
  3 iguanas
  A jelly (D:6)
  6 orc wizards
  4 worker ants
  Ijyb (D:5)
  A killer bee zombie (D:7)
  2 hound skeletons
  11 adders
  A river rat (Sewer)
  3 white imps
  2 ufetubi
  2 adder skeletons
  An adder zombie (D:5)
  4 worms
  4 leopard geckos
  38 orcs
  6 bats
  5 giant cockroaches
  10 goblins
  8 hobgoblins
  8 jackals
  13 kobolds
  3 quokkas
  2 ball pythons
  8 frilled lizards
  A leopard gecko skeleton (D:4)
  A quokka zombie (D:5)
  16 rats
215 creatures vanquished.

Vanquished Creatures (others)
  3 withered plants (D:3)
3 creatures vanquished.

Grand Total: 218 creatures vanquished

Notes
Turn   | Place    | Note
-------+----------+-------------------------------------------
     0 | D:1      | Arthanis the Gargoyle Berserker began the quest for the
                  | Orb.
     0 | D:1      | Reached XP level 1. HP: 14/14 MP: 1/1
   104 | D:1      | Reached XP level 2. HP: 19/19 MP: 2/2
   137 | D:1      | Reached skill level 3 in Axes
   619 | D:1      | Reached ** piety under Trog
   662 | D:1      | Reached XP level 3. HP: 23/23 MP: 3/3
  1391 | D:2      | Found a sacrificial altar of Ru.
  1456 | D:2      | Reached XP level 4. HP: 29/29 MP: 4/4
  1708 | D:2      | Found a sparkling altar of Nemelex Xobeh.
  2112 | D:3      | Noticed Purgy
  2125 | D:3      | Killed Purgy
  2125 | D:3      | Reached skill level 4 in Axes
  2125 | D:3      | Reached XP level 5. HP: 26/34 MP: 5/5
  2484 | D:3      | Reached *** piety under Trog
  2484 | D:3      | Reached XP level 6. HP: 39/39 MP: 6/6
  2628 | D:3      | Found a runed translucent gate.
  2628 | D:3      | Found a runed translucent gate.
  2706 | D:3      | Found a runed translucent gate.
  2707 | D:3      | Noticed Quinzzz's ghost (amateur MfBe)
  2708 | D:3      | Noticed Finra's ghost (amateur GrFi)
  2708 | D:3      | Noticed loralnil's ghost (amateur MiFi)
  2855 | D:4      | Reached skill level 5 in Axes
  3038 | D:4      | Found a snail-covered altar of Cheibriados.
  3047 | D:4      | Reached XP level 7. HP: 44/44 MP: 7/7
  3197 | D:4      | Reached skill level 5 in Fighting
  3616 | D:5      | Entered Level 5 of the Dungeon
  3628 | D:5      | Found a shimmering blue altar of Sif Muna.
  3631 | D:5      | Noticed Ijyb
  3638 | D:5      | Killed Ijyb
  3693 | D:5      | Noticed Eustachio
  3713 | D:5      | Killed Eustachio
  3713 | D:5      | Reached skill level 6 in Axes
  3713 | D:5      | Reached skill level 5 in Armour
  3809 | D:5      | Reached XP level 8. HP: 41/51 MP: 8/8
  3862 | D:5      | Noticed Prince Ribbit
  3869 | D:5      | Killed Prince Ribbit
  3875 | D:5      | Found a glowing silver altar of Zin.
  3875 | D:5      | Found a shimmering altar of Xom.
  3911 | D:5      | Found a burning altar of Makhleb.
  3922 | D:5      | Identified a scroll of acquirement
  3978 | D:5      | Reached **** piety under Trog
  4194 | D:5      | Noticed Blork the orc
  4200 | D:5      | Killed Blork the orc
  4200 | D:5      | Reached skill level 7 in Axes
  4269 | D:5      | Found a glowing drain.
  4276 | Sewer    | Entered a sewer
  4370 | Sewer    | Found a white marble altar of Elyvilon.
  4762 | D:5      | Found an iron altar of Okawaru.
  4764 | D:5      | Found an ornate altar of the Wu Jian Council.
  4766 | D:5      | Found a glowing golden altar of the Shining One.
  4804 | D:6      | Found a burning altar of Makhleb.
  4882 | D:6      | Reached skill level 1 in Evocations
  4883 | D:6      | Reached XP level 9. HP: 54/56 MP: 9/9
  5099 | D:6      | Found a broken altar of Ashenzari.
  5124 | D:6      | Got a faintly glowing copper ring
  5258 | D:6      | Identified the ring "Xesyeph" {+Fly rF+ rN+} (You found it
                  | on level 6 of the Dungeon)
  5286 | D:6      | Noticed Duvessa
  5286 | D:6      | Noticed Dowan
  5294 | D:6      | Killed Dowan
  5294 | D:6      | Reached skill level 8 in Axes
  5297 | D:6      | Killed Duvessa
  5575 | D:6      | Found a burning altar of Makhleb.
  5729 | D:7      | Reached ***** piety under Trog
  5905 | D:7      | Noticed a troll
  5915 | D:7      | Killed a troll
  5925 | D:7      | Reached skill level 9 in Axes
  6104 | D:7      | Found a staircase to the Ecumenical Temple.
  6580 | D:7      | Reached XP level 10. HP: 57/64 MP: 10/10
  6876 | D:8      | Reached skill level 10 in Axes
  7101 | D:8      | Found an opulent altar of Gozag.
  7193 | D:8      | Received a gift from Trog
  7428 | D:8      | Noticed Psyche
  7441 | D:8      | Cast into level 1 of the Abyss (Psyche)
  7462 | Abyss:1  | Found a basalt altar of Yredelemnul.
  7480 | Abyss:1  | Noticed a red very ugly thing
  7486 | Abyss:1  | Noticed a red very ugly thing
  7486 | Abyss:1  | Noticed a red ugly thing
  7486 | Abyss:1  | Noticed a red very ugly thing
  7486 | Abyss:1  | Noticed a red ugly thing
  7486 | Abyss:1  | Noticed a starcursed mass
  7508 | Abyss:1  | Noticed a large abomination
  7520 | Abyss:1  | Found a corrupted altar of Lugonu.
  7523 | Abyss:1  | Noticed a smoke demon
  7530 | Abyss:1  | Mangled by a large abomination

Illustrated notes

Levels and vault maps discovered:
D:1:      dpeg_arrival_round_a, layout_basic
D:2:      layout_basic, nemelex_xobeh_ov_fountains_minmay,
          nicolae_ru_sacrificial_ziggurat, ebering_dispersal_statue_hall
D:3:      layout_loops_ring, gammafunk_ghost_cemetery, uniq_purgy
D:4:      layout_loops_cross, cheibriados_altar_1
D:5:      layout_loops_ring, overflow_temple_1_default,
          chequers_temple_overflow_minitemple, basic_altar,
          gup_sewer_entry_bubbles, uniq_blork_the_orc, uniq_prince_ribbit1,
          uniq_eustachio, uniq_ijyb
D:6:      layout_basic, evilmike_ruin_ashenzari, lemuel_crystal_altar,
          makhleb_blood_cavern_becter, uniq_duvessa
D:7:      layout_cave_pools, minmay_temple_entry_metal_lava, serial_glass,
          glass_columns_b, glass_columns_b
D:8:      layout_loops_corners, basic_altar, uniq_psyche
Abyss:1:  base:
D:4

Skill      XL: |  1  2  3  4  5  6  7  8  9 10 |
---------------+-------------------------------+-----
Axes           | 3 4 5 6 7 9 10 | 10.3
Dodging        | 2 |  2.0
Armour         | 3 4 5 6 |  6.0
Fighting       | 4 5 6 8 |  8.1
Evocations     | 1 3 4 |  4.1

Action                   |  1- 3 |  4- 6 |  7- 9 | 10-12 || total
-------------------------+-------+-------+-------+-------++-------
Melee: Hand axe          |   117 |   127 |   378 |   107 ||   729
Invok: Berserk           |       |     3 |     7 |     3 ||    13
       Trog's Hand       |       |       |       |     2 ||     2
  Use: Scroll            |       |       |    11 |     3 ||    14
 Stab: Sleeping          |     1 |       |       |       ||     1
Armor: Animal skin       |    32 |       |       |       ||    32
       Chain mail        |    20 |    92 |   115 |       ||   227
       Plate armour      |       |       |   151 |   116 ||   267
Dodge: Dodged            |    68 |    59 |   136 |    48 ||   311

Table legend: (Time is in decaauts)
 A = Elapsed time spent in this place.
 B = Non-inter-level travel time spent in this place.
 C = Inter-level travel time spent in this place.
 D = Time resting spent in this place.
 E = Time spent auto-exploring this place.
 F = Levels seen in this place.
 G = Mean time per level.
                   A        B        C        D        E       F      G
               +--------+--------+--------+--------+--------+-----+--------+
         Total |   7665 |   7325 |    340 |      0 |   5477 |  10 |  766.5 |
       Dungeon |   7414 |   7074 |    340 |      0 |   5364 |   8 |  926.8 |
         Abyss |     90 |     90 |      0 |      0 |      0 |   1 |   90.0 |
         Sewer |    159 |    159 |      0 |      0 |    112 |   1 |  159.0 |
               +--------+--------+--------+--------+--------+-----+--------+

Top non-repeatable levels by time:
     D:2: 1156 daAuts
     D:5: 1099 daAuts
     D:7: 966 daAuts
     D:3: 944 daAuts
     D:6: 892 daAuts
     D:4: 801 daAuts
     D:8: 782 daAuts
     D:1: 771 daAuts
   Sewer: 159 daAuts
 Abyss:1: 90 daAuts
